[Event "CIS Master Groups 2024"]
[Site "Vasto"]
[Date "2024.04.14"]
[Round "13.3"]
[White "Dvirnyy, Danyyil"]
[Black "Barp, Alberto"]
[Result "1-0"]
[ECO "C47"]
[WhiteElo "2480"]
[BlackElo "2470"]
[Annotator "TA"]
[PlyCount "89"]
[EventDate "2024.04.07"]
[EventType "team-tourn"]
[EventCountry "ITA"]
[SourceTitle "playchess.com"]
[Source "ChessBase"]
[SourceQuality "1"]
[TimeControl "40/5400+30:900+30"]

1. e4 e5 2. Nf3 Nc6 3. Nc3 Nf6 4. g3 d5 5. exd5 Nxd5 6. Bg2 Nxc3 7. bxc3 Bd6 8. O-O O-O 9. d3 h6 {[%emt 0:00:31] C47: Scotch Four Knights and Four Knights with 4 g3.} 10. Rb1 Rb8 11. Nd2 Be6 12. a4 $146 ({Predecessor:} 12. c4 Qd7 13. Bb2 b5 14. cxb5 Rxb5 15. Nb3 Bh3 16. Bxh3 Qxh3 17. Qf3 Qd7 18. c4 {½-½ Zhou,Y (2455)-Howell,D (2693) GBR-ch KO London 2015 (1.2)}) 12... Qd7 13. Ne4 Bh3 14. Bxh6 Bxg2 15. Kxg2 Be7 16. Bg5 f6 17. Bc1 f5 18. Nd2 Nd8 19. Rb5 Nf7 20. Nc4 a6 21. Rb3 (21. Nxe5 $2 Qe6 22. Nxf7 axb5 $19) 21... Qxa4 22. Qf3 Qd7 (22... b5 23. Ne3 e4 24. Qxf5 $18) 23. Re1 (23. Rxb7 $2 e4 24. dxe4 Rxb7 $19) 23... Bf6 24. Ne3 (24. Rxb7 $2 e4 25. dxe4 fxe4 (25... Rxb7 26. e5 $17) 26. Rxe4 (26. Qxe4 $2 Rbe8 $19) 26... Rxb7 $19) 24... g6 25. Ba3 (25. Rxb7 $2 e4 26. dxe4 Ng5 (26... Rxb7 27. e5 $15) 27. Rxb8 Nxf3 28. Rxf8+ Kxf8 29. Kxf3 Qc6 $19 (29... Bxc3 $2 30. Rd1 $19)) (25. Nd5 $14 Bg7 26. h4) 25... Rfd8 26. h4 (26. Rxb7 $2 e4 27. dxe4 Ng5 $19 (27... Rxb7 $2 28. exf5 Rb6 29. c4 $19)) 26... b5 27. c4 e4 $2 (27... c6 $11) 28. dxe4 $18 Ne5 29. Qe2 (29. Qf4 $18 Nxc4 30. Nxc4 (30. exf5 Qc6+ 31. Kg1 Rd4 $11) 30... bxc4 31. Rxb8 Rxb8 32. exf5 Qd5+ 33. Qe4 Qxe4+ 34. Rxe4 gxf5 35. Rxc4) 29... Nxc4 (29... Qc6 $16 {is a better defense.} 30. Nd5 Nxc4) 30. Nxc4 $18 bxc4 31. Qxc4+ Kg7 $2 (31... Qf7 32. Qxa6 Rxb3 33. cxb3 fxe4 34. Rxe4 Kg7) 32. Qxa6 $2 (32. e5 Rxb3 33. exf6+ (33. cxb3 Qd5+ 34. Qxd5 Rxd5 $18) (33. Qxb3 Be7 $18) 33... Kxf6 34. Be7+ (34. cxb3 Qd5+ 35. Qxd5 Rxd5 $18) (34. Qxa6+ Rb6 $15) 34... Qxe7 35. Rxe7 Rxg3+ 36. Kxg3 (36. fxg3 Kxe7 37. Qxc7+ Rd7 $18) 36... Kxe7 37. Qxc7+ (37. Qxa6 Rd6 $18) 37... Rd7 38. Qc5+ Rd6 39. Kf4) 32... Rxb3 $18 33. cxb3 fxe4 34. Rxe4 Qd5 35. Qc4 c6 36. Kh2 Qf5 $2 (36... Qxc4 37. bxc4 (37. Rxc4 Rd3 $18) 37... Kf7) 37. Rf4 $18 (37. Qxc6 {is a self mate.} Qxf2+ 38. Kh3 Qf1+ 39. Kh2 Rd2+) 37... Qe5 (37... Qd5 $142 38. Qc2 g5) 38. Qxc6 $18 Rd1 39. Qf3 Qe1 40. Rxf6 Qg1+ 41. Kh3 Qf1+ 42. Kg4 Rd4+ 43. Rf4 Rd5 44. Bb2+ Kh7 45. Rf7+ 1-0

[Event "CIS Master Groups 2024"]
[Site "Vasto"]
[Date "2024.04.14"]
[Round "13.4"]
[White "Cappelletto, Joshuaede"]
[Black "Gilevych, Artem"]
[Result "0-1"]
[ECO "C24"]
[WhiteElo "2306"]
[BlackElo "2417"]
[Annotator "TA"]
[PlyCount "142"]
[EventDate "2024.04.07"]
[EventType "team-tourn"]
[EventCountry "ITA"]
[SourceTitle "playchess.com"]
[Source "ChessBase"]
[SourceQuality "1"]
[TimeControl "40/5400+30:900+30"]

1. e4 e5 2. Bc4 Nf6 3. d3 c6 4. Bb3 d5 5. Nf3 a5 6. a4 {[%emt 0:00:29] C24: Bishop's Opening: 2...Nf6.} Bb4+ 7. c3 Bd6 8. Bg5 dxe4 9. dxe4 h6 10. Bxf6 Qxf6 11. Nbd2 O-O $146 ({Predecessor:} 11... Bg4 12. Qe2 Nd7 13. h3 Bh5 14. O-O Rd8 15. Rad1 Nc5 16. Bc2 Ne6 17. g3 O-O 18. Kg2 Qg6 19. Kh2 Bc7 20. Bb3 Qg5 21. g4 Qf4+ 22. Kg2 Bxg4 {0-1 Le Roux,J-Bulgarini Torre,M (2160) W-ch WS/O/404 email 2010}) 12. O-O Na6 13. h3 Bc7 14. Qe2 Nc5 15. Bc2 Ne6 16. Qe3 Nf4 17. Kh1 Rd8 18. Rad1 b6 19. c4 Be6 20. b3 Qg6 21. Nh4 Qg5 22. Ndf3 Qf6 23. Nf5 Kh7 (23... g6 $17 24. Ng3 b5 25. Rxd8+ Qxd8 (25... Bxd8 26. Rb1 $17) (25... Rxd8 26. axb5 cxb5 27. c5 $17)) 24. Ng3 (24. g3 $11 {keeps the balance.} Nxh3 25. Kg2) 24... g6 $17 25. Rd2 (25. Ne2 $142) 25... Rxd2 $17 26. Nxd2 Rd8 27. Nf3 Bc8 28. Ne2 Ne6 29. Rd1 Rxd1+ 30. Bxd1 Qd8 31. Bc2 Bd6 32. Qc3 Qc7 33. Nc1 f6 34. Nd3 Nc5 35. Nxc5 Bxc5 36. Qd2 Qd6 37. Qe2 Kg7 38. Kh2 Bb4 39. g3 Qe6 40. Ng1 Qd7 41. Kg2 Qd2 42. Qxd2 Bxd2 43. Kf1 Bb4 44. Ke2 Bc5 45. Kf3 h5 46. Ne2 $2 (46. Kg2 $17 {is more resistant.}) 46... Bxh3 $19 47. Nc3 Bg4+ 48. Kg2 Bd4 49. Nb1 Be6 50. Nd2 Kf7 51. f3 $2 (51. Nf3) 51... Ke7 $19 52. Kf1 Kd6 53. Ke2 g5 54. Nf1 h4 55. gxh4 gxh4 56. Nh2 Kc5 57. Ng4 Bxg4 58. fxg4 Kb4 59. Kf3 Kc3 60. Bd1 Kd2 61. Be2 h3 62. Bf1 Kc2 63. c5 Bxc5 64. Bc4 h2 65. Kg2 Bg1 66. Be6 Kd3 (66... b5 $142 67. g5 fxg5) 67. Bd7 Kxe4 68. Bxc6+ Kf4 69. Bd7 e4 70. Bc8 Ke3 71. Ba6 Kd2 0-1